 Dungeon Crawl Stone Soup version 0.30.0-15-g856e2d3f33 (webtiles) character file.

Game seed: 11284944112496827767

228 bmack86 the Grave Robber (level 5, 0/36 HPs)
             Began as a Demonspawn Necromancer on May 20, 2023.
             Killed by nerve-wracking pain
             ... invoked by an orc priest
              (9 damage)
             ... on level 4 of the Dungeon.
             The game lasted 00:14:19 (2618 turns).

bmack86 the Grave Robber (Demonspawn Necromancer)   Turns: 2618, Time: 00:14:19

Health: 0/36       AC:  4    Str:  9    XL:     5   Next: 71%
Magic:  1/9        EV: 13    Int: 20    God:
Gold:   138        SH:  0    Dex: 13    Spells: 6/10 levels left

rFire   . . .        v - +1 short sword (elec)
rCold   + . .        (no shield)
rNeg    . . .        a - +0 robe
rPois   .            (no helmet)
rElec   .            (no cloak)
rCorr   .            e - +0 pair of gloves
SInv    .            p - +0 pair of boots
Will    .....        (no amulet)
Stlth   ++           o - ring of protection from cold
HPRegen 0.26/turn    (no ring)
MPRegen 0.11/turn

%: no passive effects
@: no status effects
A: powered by death 1, big brain 1, weakness stinger 1
a: no special abilities


You were on level 4 of the Dungeon.
You visited 1 branch of the dungeon, and saw 4 of its levels.

You collected 138 gold pieces.

Inventory:

Hand Weapons
 c - a +0 dagger
 g - a +1 short sword of draining
 r - a +1 dagger of venom
 v - a +1 short sword of electrocution (weapon)
Missiles
 u - 11 poisoned darts
Armour
 a - a +0 robe (worn)
 e - a +0 pair of gloves (worn)
 p - a +0 pair of boots (worn)
Jewellery
 o - a ring of protection from cold (left hand)
Scrolls
 f - 2 scrolls of immolation
 j - a scroll of torment {unknown}
 k - 2 scrolls of teleportation {unknown}
 l - a scroll of enchant armour {unknown}
 m - a scroll of vulnerability {unknown}
 s - a scroll of fog {unknown}
 t - a scroll of enchant weapon {unknown}
Potions
 b - 2 potions of magic
 d - a potion of berserk rage
 h - 5 potions of curing
 i - 3 potions of might
 n - a potion of ambrosia {unknown}
 q - a potion of flight {unknown}


   Skills:
 - Level 0.6 Fighting
 + Level 3.1 Dodging
 + Level 3.1 Stealth
 + Level 3.1 Spellcasting
 + Level 5.4 Necromancy


You had 6 spell levels left.
You knew the following spells:

 Your Spells              Type           Power      Damage    Failure   Level
a - Necrotise             Necr           96%        1d8       1%          1
b - Vampiric Draining     Necr           24%        2d7       4%          3

Your spell library contained the following spells:

 Spells                   Type           Power      Damage    Failure   Level
 Animate Dead             Necr           24%        N/A       16%         4
 Ensorcelled Hibernation  Hex/Ice        6%         N/A       22%         2
 Passwall                 Tmut/Erth      2%         N/A       22%         2
 Swiftness                Air            3%         N/A       38%         3
 Vhi's Electric Charge    Tloc/Air       6%         N/A       38%         3
 Agony                    Necr           24%        N/A       38%         5
 Arcjolt                  Conj/Air       1%         1d11      98%         5
 Maxwell's Capacitive Co  Air            1%         ∞         100%        8


Dungeon Overview and Level Annotations

Branches:
Dungeon (4/15)
 Temple: D:4-7

Altars:
Trog


Innate Abilities, Weirdness & Mutations

You regenerate a little health from kills.
You have an unusually large brain. (Int +2)
You have a small tail.


Message History

The orc priest invokes the aid of Beogh against you.
Pain shoots through your body!
You hit the orc priest.
The orc priest is moderately wounded.
The orc priest hits you with a +0 trident.
The orc priest barely resists.
The orc priest hits you but does no damage.
You hit the orc priest. You tail-slap the orc priest.
The orc priest is heavily wounded.
The orc priest hits you but does no damage.
Your hobgoblin skeleton barely misses the orc priest.
You barely miss the orc priest.
The orc priest is heavily wounded.
The orc priest hits you but does no damage.
Your hobgoblin skeleton closely misses the orc priest.
You closely miss the orc priest.
The orc priest is heavily wounded.
The orc priest hits you with a +0 trident.
You hit the orc priest but do no damage.
You tail-slap the orc priest.
The orc priest is almost dead.
Your hobgoblin skeleton barely misses the orc priest.
The orc priest mumbles some strange prayers to Beogh against you.
Pain shoots through your body!
You barely miss the orc priest.
You tail-slap the orc priest, but do no damage.
The orc priest is almost dead.
The orc priest hits you with a +0 trident.
* * * LOW HITPOINT WARNING * * *
Your hobgoblin skeleton closely misses the orc priest.
You hit the orc priest but do no damage.
The orc priest is almost dead.
The orc priest misses you.
Your hobgoblin skeleton barely misses the orc priest.
You hit the orc priest but do no damage.
The orc priest is almost dead.
Your hobgoblin skeleton crumbles into dust!
The orc priest invokes the aid of Beogh against you.
Pain shoots through your body!
You die...

..............#
..<.....###...######
................#.<##
....................#
..o).......#..[.....#
#.....#..#.......##
#....$...##....### ##
#o..........##
#$.##@...........#
#)........†....#
#...........#.##
...............)###
...?.............#
......#...>.........
...#..#.............
...#..###...........
.. ... ....[..


You could see an orc priest.

Vanquished Creatures
  2 hounds
  2 iguanas (D:4)
  4 adders
  2 worms
  3 dart slugs
  4 orcs
  2 ball pythons
  3 endoplasms
  2 giant cockroaches
  6 goblins
  3 hobgoblins
  7 kobolds
  3 quokkas
  5 bats
  2 frilled lizards (D:2)
  5 rats
55 creatures vanquished.

Vanquished Creatures (collateral kills)
  An adder (D:3)
  An orc (D:4)
  A ball python (D:1)
  A goblin (D:1)
  2 frilled lizards (D:1)
  2 kobolds
8 creatures vanquished.

Grand Total: 63 creatures vanquished

Notes
Turn   | Place    | Note
-------+----------+-------------------------------------------
     0 | D:1      | bmack86 the Demonspawn Necromancer began the quest for the
                  | Orb.
     0 | D:1      | Reached XP level 1. HP: 13/13 MP: 3/3
    71 | D:1      | Gained mutation: You regenerate a little health from kills.
                  | [demonic ancestry]
    71 | D:1      | Reached XP level 2. HP: 20/20 MP: 1/5
   139 | D:1      | Found a faded altar of an unknown god.
   847 | D:2      | Gained mutation: You have a small tail. [demonic ancestry]
   847 | D:2      | Reached XP level 3. HP: 25/25 MP: 2/6
  1148 | D:2      | Learned a level 3 spell: Vampiric Draining
  1684 | D:3      | Found a bloodstained altar of Trog.
  1913 | D:3      | Gained mutation: You have an unusually large brain. (Int
                  | +2) [demonic ancestry]
  1913 | D:3      | Reached XP level 4. HP: 30/31 MP: 0/7
  1964 | D:3      | Reached skill level 5 in Necromancy
  2223 | D:3      | Reached XP level 5. HP: 33/36 MP: 9/9
  2618 | D:4      | Killed from afar by an orc priest

Illustrated notes

Levels and vault maps discovered:
D:1:      ebering_trefoil_3fold, layout_basic,
          dreamdust_ecumenical_altar_angels_and_demons, solitary_fountain
D:2:      layout_basic, serial_park_tiny_2, minmay_pentomino_pile
D:3:      minmay_wonky_spiral, layout_loops_ring, trog_three_pillars_becter,
          amcnicky_mini_pool_small
D:4:      layout_cave_pools, tso_metal_star, minmay_temple_entry_poolview

Skill      XL: |  1  2  3  4  5 |
---------------+----------------+-----
Dodging        | 2 3 |  3.1
Stealth        | 2 3 |  3.1
Necromancy     | 5 |  5.4
Spellcasting   | 3 |  3.1
Fighting       | |  0.6

Action                     |  1- 3 |  4- 6 || total
---------------------------+-------+-------++-------
  Melee: Dagger            |     1 |       ||     1
         Unarmed           |     1 |       ||     1
         Short sword       |    31 |    45 ||    76
         Tailslap          |       |     8 ||     8
         Punch             |       |     1 ||     1
   Cast: Necrotise         |    57 |    32 ||    89
    Use: Scroll            |     4 |       ||     4
   Stab: Sleeping          |     1 |       ||     1
 Armour: Robe              |     3 |    11 ||    14
  Dodge: Dodged            |    23 |    34 ||    57
